 Dungeon Crawl Stone Soup version 0.28.0-49-g6dfe1f597d (webtiles) character file.

Game seed: 10274354792824829600

12838 Dreadrock the Cleaver (level 11, -4/97 HPs)
             Began as a Hill Orc Berserker on May 11, 2022.
             Was an Initiate of Trog.
             Slain by a manticore (7 damage)
             ... on level 12 of the Dungeon.
             The game lasted 00:49:18 (30010 turns).

Dreadrock the Cleaver (Hill Orc Berserker)         Turns: 30010, Time: 00:49:19

Health: -4/97      AC: 17    Str: 25    XL:     11   Next: 99%
Magic:  11/11      EV: 10    Int:  7    God:    Trog [......]
Gold:   569        SH:  0    Dex: 16    Spells: 10/10 levels left

rFire   . . .      SeeInvis .   B - +2 war axe (freeze)
rCold   . . .      Faith    .   (no shield)
rNeg    . . .      Spirit   .   w - +0 plate armour
rPois   +          Reflect  .   s - +0 helmet
rElec   .          Harm     .   i - +0 cloak
rCorr   .          Rampage  .   (no gloves)
Will    .....                   E - +0 pair of boots
Stlth   ..........              c - amulet of magic regeneration
HPRegen 0.26/turn               G - ring of poison resistance
MPRegen 0.52/turn               C - +6 ring of dexterity

@: spiked
A: no striking features
a: Renounce Religion


You were on level 12 of the Dungeon.
You worshipped Trog.
Trog was noncommittal.
You visited 1 branch of the dungeon, and saw 12 of its levels.

You collected 569 gold pieces.

Inventory:

Hand Weapons
 p - a +0 hand axe of flaming
 B - a +2 war axe of freezing (weapon)
Missiles
 v - 13 boomerangs (quivered)
Armour
 i - a +0 cloak (worn)
 s - a +0 helmet (worn)
 w - a +0 plate armour (worn)
 E - a +0 pair of boots (worn)
Jewellery
 c - an amulet of magic regeneration (around neck)
 l - an amulet of the acrobat
 r - a +4 ring of protection
 x - a ring of resist corrosion
 C - a +6 ring of dexterity (right hand)
 G - a ring of poison resistance (left hand)
 K - a +6 ring of intelligence
Wands
 k - a wand of mindburst (19)
 q - a wand of iceblast (9)
 y - a wand of flame (31)
 A - a wand of charming (7)
 F - a wand of paralysis (5)
Scrolls
 b - 2 scrolls of fear
 d - 4 scrolls of enchant weapon {unknown}
 e - a scroll of summoning {unknown}
 f - 7 scrolls of teleportation {unknown}
 h - 4 scrolls of enchant armour {unknown}
 j - a scroll of holy word {unknown}
 n - 2 scrolls of amnesia {unknown}
 o - 3 scrolls of magic mapping {unknown}
 t - a scroll of noise {unknown}
 D - a scroll of silence {unknown}
 I - a scroll of identify
Potions
 a - 3 potions of heal wounds {unknown}
 g - 4 potions of might
 m - 3 potions of haste
 u - 3 potions of curing
 z - 2 potions of brilliance {unknown}
 H - 2 potions of flight {unknown}
 J - a potion of cancellation {unknown}
 L - 3 potions of lignification {unknown}


   Skills:
 + Level 9.5 Fighting
 * Level 13.1 Axes
 + Level 8.3 Armour
 + Level 6.3 Dodging
 * Level 11.2 Shields


You had 10 spell levels left.
You didn't know any spells.
Your spell library was empty.

Dungeon Overview and Level Annotations

Branches:
Dungeon (12/15)            Temple (0/1) D:5            Lair (0/6) D:10
    Orc (0/2) D:10

Altars:
Hepliaklqana


Message History

The barbed spikes dig painfully into your body as you move.
The manticore flicks its tail.
The volley of spikes hits you!
The barbed spikes become lodged in your body.
The barbed spikes dig painfully into your body as you move.
The manticore flicks its tail.
The volley of spikes hits you!
The barbed spikes become lodged in your body.
The barbed spikes dig painfully into your body as you move.
The manticore bites you!
* * * LOW HITPOINT WARNING * * *
The manticore claws you but does no damage.
The manticore claws you.
* * * LOW HITPOINT WARNING * * *
You hit the manticore. You freeze the manticore.
The manticore is lightly wounded.
The manticore bites you but does no damage.
The manticore barely misses you. x2
You barely miss the manticore.
The manticore is lightly wounded.
The manticore bites you.
* * * LOW HITPOINT WARNING * * *
The manticore claws you but does no damage.
The manticore barely misses you.
You slash the manticore! You freeze the manticore.
The manticore is moderately wounded.
The manticore bites you.
* * * LOW HITPOINT WARNING * * *
The manticore claws you.
* * * LOW HITPOINT WARNING * * *
The manticore claws you!
* * * LOW HITPOINT WARNING * * *
You hit the manticore. You freeze the manticore.
The manticore is moderately wounded.
Unknown command.
Unknown command.
You closely miss the manticore.
The manticore is moderately wounded.
The manticore bites you!
You die...

#>#.... ###
### #.^.#.#
#..
........#.#.#
#.# #..##.##
#.#.# #.#...
$. #.#.#
#.#.#....
#.#.#
#........
#.#.#
##H####...
#.#.#
#.@#......
#.#.#
##........
#.#
##.#.#)...
#.# #....# #.
#.# ##.###
#.# #.# #.#
#.# #.# #.#
#.# ##.# #[#


You could see a manticore.

Vanquished Creatures
  Rupert (D:12)
  2 boulder beetles
  A hydra (D:10)
  A centaur warrior (D:12)
  A two-headed ogre (D:10)
  2 cyclopes
  2 gargoyles
  2 unseen horrors
  3 trolls
  Grinder (D:3)
  A shadow (D:10)
  2 wyverns (D:10)
  2 wraiths (D:11)
  2 basilisks
  5 yaks (D:8)
  2 vampire mosquitoes (D:11)
  Menkaure (D:7)
  An acid dragon (D:9)
  3 water moccasins
  A sky beast (D:7)
  3 ice beasts
  3 orc warriors
  2 necrophages
  8 centaurs
  A phantom (D:5)
  2 kobold brigands (D:9)
  2 scorpions
  A water moccasin skeleton (D:4)
  4 killer bees (D:7)
  3 wights (D:7)
  3 howler monkeys (D:11)
  2 centaur zombies
  A centaur skeleton (D:7)
  4 jellies
  An orc priest (D:3)
  A hound (D:6)
  4 iguanas (D:5)
  Ijyb (D:3)
  Jessica (D:3)
  Terence (D:3)
  Natasha (thrice) (D:3)
  7 orc wizards
  2 killer bee zombies
  A howler monkey zombie (D:11)
  5 adders
  A shadow imp (D:5)
  2 ufetubi
  2 adder skeletons (D:4)
  3 worms
  2 dart slugs (D:3)
  31 orcs
  12 ball pythons
  6 endoplasms
  A giant cockroach (D:1)
  5 goblins
  3 hobgoblins
  3 jackals (D:4)
  16 kobolds
  3 quokkas
  6 bats
  A frilled lizard (D:3)
  4 rats
203 creatures vanquished.

Vanquished Creatures (others)
  11 plants (D:10)
11 creatures vanquished.

Grand Total: 214 creatures vanquished

Notes
Turn   | Place    | Note
-------+----------+-------------------------------------------
     0 | D:1      | Dreadrock the Hill Orc Berserker began the quest for the
                  | Orb.
     0 | D:1      | Reached XP level 1. HP: 19/19 MP: 1/1
   207 | D:1      | Reached XP level 2. HP: 23/27 MP: 2/2
   389 | D:1      | Reached skill level 1 in Shields
  2002 | D:1      | Reached XP level 3. HP: 32/33 MP: 3/3
  4757 | D:2      | Found a faded altar of an unknown god.
  4923 | D:3      | Noticed Jessica
  5225 | D:3      | Killed Jessica
  5226 | D:3      | Reached XP level 4. HP: 40/40 MP: 4/4
  5470 | D:3      | Noticed Terence
  5481 | D:3      | Killed Terence
  5738 | D:3      | Noticed Natasha
  5744 | D:3      | Killed Natasha
  5745 | D:3      | Reached XP level 5. HP: 47/47 MP: 5/5
  5901 | D:3      | Noticed Grinder
  5922 | D:3      | Paralysed by Grinder for 2 turns
  5926 | D:3      | Killed Grinder
  5927 | D:3      | Reached skill level 5 in Axes
  5927 | D:3      | Reached XP level 6. HP: 28/55 MP: 6/6
  6472 | D:3      | Noticed Ijyb
  6484 | D:3      | Noticed Natasha
  6487 | D:3      | Killed Ijyb
  6487 | D:3      | Noticed an ice beast
  6493 | D:3      | Killed Natasha
  6619 | D:2      | Killed an ice beast
  6620 | D:2      | Reached skill level 5 in Fighting
  6620 | D:2      | Reached XP level 7. HP: 19/61 MP: 7/7
  7082 | D:3      | Noticed Natasha
  7092 | D:3      | Killed Natasha
  8891 | D:4      | Reached skill level 5 in Shields
  8999 | D:4      | Reached ** piety under Trog
  9007 | D:4      | Reached skill level 6 in Axes
 10410 | D:5      | Entered Level 5 of the Dungeon
 10420 | D:5      | Reached XP level 8. HP: 55/69 MP: 8/8
 13038 | D:5      | Found a staircase to the Ecumenical Temple.
 13053 | D:5      | Reached skill level 7 in Axes
 13566 | D:6      | Found a glowing drain.
 13795 | D:6      | Reached skill level 5 in Armour
 14762 | D:6      | Reached XP level 9. HP: 78/78 MP: 9/9
 15663 | D:7      | Noticed Menkaure
 15669 | D:7      | Killed Menkaure
 15670 | D:7      | Reached skill level 8 in Axes
 18564 | D:8      | Reached skill level 9 in Axes
 18572 | D:8      | Reached XP level 10. HP: 86/86 MP: 10/10
 19467 | D:8      | Reached skill level 10 in Axes
 20513 | D:9      | Noticed a gargoyle
 20524 | D:9      | Killed a gargoyle
 20651 | D:9      | Reached skill level 5 in Dodging
 21781 | D:10     | Entered Level 10 of the Dungeon
 21821 | D:10     | Found a hazy altar of Hepliaklqana.
 21975 | D:10     | Noticed a four-headed hydra
 21987 | D:10     | Killed a one-headed hydra
 22084 | D:10     | Reached skill level 11 in Axes
 22431 | D:10     | Found a staircase to the Lair.
 23225 | D:10     | Found a staircase to the Orcish Mines.
 23280 | D:10     | Noticed a two-headed ogre
 23286 | D:10     | Killed a two-headed ogre
 23287 | D:10     | Reached XP level 11. HP: 95/95 MP: 11/11
 23910 | D:11     | Reached skill level 10 in Shields
 24353 | D:11     | Noticed a boulder beetle
 24364 | D:11     | Killed a boulder beetle
 24859 | D:11     | Reached skill level 12 in Axes
 25326 | D:11     | Noticed a cyclops
 25344 | D:11     | Killed a cyclops
 27391 | D:12     | Noticed a boulder beetle
 27403 | D:12     | Killed a boulder beetle
 27871 | D:12     | Noticed Rupert
 27884 | D:12     | Killed Rupert
 28409 | D:12     | Noticed a centaur warrior
 28427 | D:12     | Killed a centaur warrior
 28436 | D:12     | Reached skill level 13 in Axes
 29281 | D:12     | Noticed a cyclops
 29292 | D:12     | Killed a cyclops
 29997 | D:12     | Noticed a manticore
 30008 | D:12     | HP: 2/97 [manticore (9)]
 30010 | D:12     | Slain by a manticore

Illustrated notes

Levels and vault maps discovered:
D:1:      heliophobic_arrival_ceremonial_halls, layout_loops_cross
D:2:      layout_basic, basic_ecumenical_altar
D:3:      layout_basic, serial_bayou_crossing, uniq_grinder, uniq_terence,
          uniq_natasha, uniq_jessica, uniq_ijyb
D:4:      layout_basic
D:5:      layout_gridville, minmay_temple_entry_junction,
          wad_floor_pattern_untrapped, minmay_misc_feat_nine_boxes,
          minmay_misc_feat_x, grunt_decor_clamped
D:6:      layout_gridville, portal_sewer_entry_d
D:7:      layout_cave_pods, uniq_menkaure
D:8:      layout_gridville, grunt_decor_arrowhead
D:9:      layout_gridville, minmay_strange_pillars
D:10:     hellmonk_crumbling_castle, layout_basic,
          nicolae_hepliaklqana_hazy_memory, orc_0_dummy,
          nicolae_figureground_sparkle
D:11:     layout_basic
D:12:     layout_basic, uniq_rupert

Skill      XL: |  1  2  3  4  5  6  7  8  9 10 11 |
---------------+----------------------------------+-----
Shields        | 1 2 3 4 5 6 8 9 11 | 11.2
Fighting       | 4 5 6 7 8 9 |  9.5
Dodging        | 2 3 4 5 6 |  6.3
Axes           | 5 6 7 9 11 13 | 13.1
Armour         | 3 4 5 6 7 8 |  8.3

Action                   |  1- 3 |  4- 6 |  7- 9 | 10-12 || total
-------------------------+-------+-------+-------+-------++-------
Melee: Hand axe          |   113 |    66 |   317 |     5 ||   501
       Punch             |     1 |       |     5 |     3 ||     9
       War axe           |       |       |    50 |   289 ||   339
Invok: Berserk           |     2 |     5 |    11 |    14 ||    32
  Use: Scroll            |       |       |     6 |       ||     6
Armor: Animal skin       |     4 |       |       |       ||     4
       Chain mail        |    57 |    41 |   151 |       ||   249
       Plate armour      |       |       |    76 |   237 ||   313
Dodge: Dodged            |    41 |    33 |   200 |   126 ||   400
